 Dungeon Crawl Stone Soup version 0.17-a0-1164-g0ba867e (webtiles) character file.

234 inmateoo the Bolt Thrower (level 5, -7/41 HPs)
             Began as a Mummy Hunter on May 29, 2015.
             Mangled by an orc
             ... wielding a +0 short sword
              (8 damage)
             ... on level 3 of the Dungeon.
             The game lasted 00:07:06 (4196 turns).

inmateoo the Bolt Thrower (Mummy Hunter)            Turns: 4196, Time: 00:07:07

Health: -7/41      AC:  4    Str: 15    XL:     5   Next: 75%
Magic:  5/5        EV: 12    Int: 10    God:
Gold:   122        SH:  0    Dex: 14    Spells: 0 memorised, 4 levels left

rFire  x . .     SeeInvis .     a - +0 short sword
rCold  + . .     Clarity  .     d - +0 leather armour
rNeg   + + +     SustAt   .     (no shield)
rPois  ∞         Gourm    .     (no helmet)
rElec  .         Spirit   .     (no cloak)
rCorr  .         Warding  .     (no gloves)
rMut   .         Stasis   .     f - +0 pair of boots
MR     .....                    (no amulet)
Stlth  ..........               (no ring)
                                k - ring of loudness (curse)

@: not resistant to hostile enchantments, extremely unstealthy
A: no food or potions, fire vulnerability, cold resistance 1, negative energy
resistance 3, torment resistance, unbreathing
a: no special abilities


You were on level 3 of the Dungeon.
You were not hungry.

You visited 1 branch of the dungeon, and saw 4 of its levels.

You collected 122 gold pieces.

Inventory:

Hand weapons
 a - a +0 short sword (weapon)
 b - a +1 hand crossbow
Armour
 d - a +0 leather armour (worn)
 f - a +0 pair of boots (worn)
Magical staves
 j - an uncursed staff of fire
Jewellery
 k - a cursed ring of loudness (left hand)
Scrolls
 e - a scroll of remove curse {unknown}
 g - 2 scrolls of noise
 h - 2 scrolls of magic mapping


   Skills:
 + Level 3.0 Fighting
 + Level 1.0 Short Blades
 * Level 4.9 Crossbows
 + Level 2.3 Dodging
 - Level 1.2 Stealth


You had 4 spell levels left.
You didn't know any spells.

Dungeon Overview and Level Annotations

Branches:
Dungeon (4/15)
 Temple: D:4-7

Altars:
Makhleb
The Shining One


Innate Abilities, Weirdness & Mutations

You do not eat or drink.
Your flesh is vulnerable to fire.
You are immune to poison.
Your flesh is cold resistant.
You are immune to negative energy.
You are immune to unholy pain and torment.
You can survive without breathing.


Message History

The orc hits you but does no damage.
You barely miss the orc.
The orc is moderately wounded.
The orc hits you with a short sword.
* * * LOW HITPOINT WARNING * * *
You hit the orc but do no damage.
The orc is moderately wounded.
The orc hits you with a short sword.
* * * LOW HITPOINT WARNING * * *
You hit the orc but do no damage.
The orc is moderately wounded.
The orc closely misses you.
You hit the orc.
The orc is severely wounded.
The orc hits you with a short sword.
* * * LOW HITPOINT WARNING * * *
You hit the orc.
The orc is severely wounded.
The orc hits you with a short sword!
You die...

...........g.........##.#
.........####........#..#
..##.#...# ##........#.##
..##.#(..###.........#.#
..##.................#.#####
.............(.............#
.......................g...#
...÷.#...###...#.###.#.###.#
.....#...# ##(##@# #.#.###.##
....###.#####.##o###.#....<.#
.............g##g##.g...###.#
..>.###.#####)#...#.....# #.#
#######.### #.#...#.....###.#
..........# #.......##......#
#..####...# #.......##.#...##
#..').#...# #.>÷....##.#...#
#..#..#...# ###...#[##.....#


You could see an orc and a goblin.

Vanquished Creatures
  A scorpion (D:3)
  An orc wizard (D:3)
  4 adders
  2 oozes
  2 worms
  10 orcs (D:3)
  3 ball pythons
  12 goblins
  11 hobgoblins
  5 jackals
  10 bats
  5 giant cockroaches
  4 giant geckos
  6 giant newts
  12 kobolds
  7 rats
95 creatures vanquished.

Notes
Turn   | Place    | Note
--------------------------------------------------------------
     0 | D:1      | inmateoo the Mummy Hunter began the quest for the Orb.
     0 | D:1      | Reached XP level 1. HP: 16/16 MP: 1/1
   128 | D:1      | Reached skill level 1 in Stealth
   132 | D:1      | Reached XP level 2. HP: 22/22 MP: 2/2
   823 | D:1      | Reached XP level 3. HP: 24/28 MP: 3/3
  1639 | D:2      | Reached skill level 4 in Crossbows
  2327 | D:2      | Reached XP level 4. HP: 29/34 MP: 4/4
  2587 | D:2      | Found a glowing golden altar of the Shining One.
  3004 | D:3      | Found a burning altar of Makhleb.
  3499 | D:3      | Reached XP level 5. HP: 40/40 MP: 5/5
  3987 | D:3      | Reached skill level 1 in Short Blades
  4195 | D:3      | HP: 1/41 [orc/short sword (4)]
  4196 | D:3      | Mangled by an orc

Vault maps used:
D:1:      elethiomel_arrival_maze
D:2:      wad_lake_hut, tso_altar
D:3:      corexii_shack_village, old_standard_altar
D:4:      kennysheep_kobold_camp, nicolae_gozag_seed_capital,
          nicolae_overflow_hidden_temple

Action                   |  1- 3 |  4- 6 || total
-------------------------+-------+-------++-------
Melee: Short sword       |   158 |   165 ||   323
 Fire: Hand crossbow     |    20 |    46 ||    66
  Use: Scroll            |       |     4 ||     4
 Stab: Sleeping          |     2 |       ||     2
